 Dungeon Crawl Stone Soup version 0.18.1-48-g4cf74bf (webtiles) character file.

37 Gargoyl the Skirmisher (level 3, -10/29 HPs)
             Began as a Demonspawn Abyssal Knight on Aug 14, 2016.
             Was a Follower of Lugonu.
             Killed from afar by loom's ghost (17 damage)
             ... with an orb of energy
             ... on level 3 of the Dungeon.
             The game lasted 00:03:50 (1757 turns).

Gargoyl the Skirmisher (Demonspawn Abyssal Knight)  Turns: 1757, Time: 00:03:51

Health: -10/29     AC:  7    Str: 12 (13) XL:     3   Next: 23%
Magic:  4/4        EV:  9    Int: 12 (13) God:    Lugonu [*.....]
Gold:   159        SH:  0    Dex: 12 (14) Spells: 0 memorised, 2 levels left

rFire  . . .     SeeInvis .     a - +1 hand axe
rCold  . . .     Gourm    .     e - +0 scale mail
rNeg   + . .     Faith    .     (no shield)
rPois  .         Spirit   .     (no helmet)
rElec  .         Dismiss  .     (no cloak)
rCorr  .         Reflect  .     j - +0 pair of gloves
SustAt .         Harm     .     (no boots)
MR     .....                    (no amulet)
Stlth  ..........               (no ring)
                                k - ring of positive energy

@: not resistant to hostile enchantments, extremely unstealthy
A: thin skeletal structure 1, demonic guardian 1
a: Depart the Abyss, Renounce Religion


You were on level 3 of the Dungeon.
You worshipped Lugonu.
Lugonu was aware of your devotion.
You were hungry.

You visited 1 branch of the dungeon, and saw 3 of its levels.
You visited the Abyss 1 time.

You collected 159 gold pieces.

Inventory:

Hand Weapons
 a - a +1 hand axe (weapon)
Missiles
 d - 2 poisoned javelins (quivered)
Armour
 e - a +0 scale mail (worn)
 j - a +0 pair of gloves (worn)
Jewellery
 k - a ring of positive energy (left hand)
Scrolls
 g - 3 scrolls of identify {unknown}
 i - a scroll of magic mapping {unknown}
 m - a scroll of remove curse {unknown}
 n - a scroll of enchant armour {unknown}
 o - a scroll of fear {unknown}
Potions
 b - 2 potions of curing
 f - a potion of invisibility {unknown}
 h - a potion of degeneration
 q - a potion of resistance {unknown}
Comestibles
 c - 4 bread rations
 l - a beef jerky


   Skills:
 + Level 3.6 Fighting
 + Level 2.1 Axes
 * Level 2.2 Armour
 + Level 1.0 Dodging
 + Level 2.6 Invocations


You had 2 spell levels left.
You didn't know any spells.

Dungeon Overview and Level Annotations

Branches:
Dungeon (3/15)

Altars:
Pakellas

Shops:
D:2 }

Annotations:
D:3 loom's ghost, amateur DECj


Innate Abilities, Weirdness & Mutations

You have a somewhat thin skeletal structure (Dex +2, Stealth).
A weak demonic guardian rushes to your aid.


Message History

Your crimson imp disappears in a puff of smoke!
Loom's ghost points at you and mumbles some strange words.
The orb of energy hits you!
* * * LOW HITPOINT WARNING * * *
The orb of energy explodes!
Okay, then.
You swap places.
Loom's ghost gestures at you while chanting.
The magic dart hits your crimson imp.
Your crimson imp barely misses loom's ghost.
Drink which item? (? for menu, Esc to quit)
It was a potion of degeneration.
There was something very wrong with that liquid.
You feel weakened.
You feel dopey.
You feel clumsy.
Loom's ghost points at you and mumbles some strange words.
The orb of energy hits your crimson imp.
Your crimson imp dies!
The orb of energy explodes!
The mystic blast hits you!
Ouch! That really hurt!
You die...

#.# #.### #.#
##########.#.. #.#
#........#.#.# #.#
#.######.#.#.#
#.###.#...##.#.#.#
#.##..)........#.#
#.#........###...#
#..........# ##.##
###.......##
##@##### ##.....##
#.....# #####.#
##W###.# #..# #†##
[.#. #.#.hh....
..# .h..... #.#
....... #. .......
# ..W....


You could see loom's ghost.

Vanquished Creatures
  2 worms (D:2)
  A giant gecko (D:1)
  3 bats
  2 giant cockroaches (D:2)
  5 goblins
  A hobgoblin (D:2)
  A jackal (D:3)
  3 kobolds
  10 rats
28 creatures vanquished.

Vanquished Creatures (collateral kills)
  3 jackals (D:3)
3 creatures vanquished.

Vanquished Creatures (others)
  A demonic plant (Abyss:3)
1 creature vanquished.

Grand Total: 32 creatures vanquished

Notes
Turn   | Place    | Note
--------------------------------------------------------------
     0 | Abyss:1  | Gargoyl the Demonspawn Abyssal Knight began the quest for the Orb.
     0 | Abyss:1  | Reached XP level 1. HP: 18/18 MP: 2/2
    55 | Abyss:3  | Noticed a thrashing horror
    57 | Abyss:3  | Noticed a thrashing horror
    59 | Abyss:3  | Noticed a thrashing horror
    59 | D:1      | Escaped the Abyss
   235 | D:1      | Reached * piety under Lugonu
   347 | D:1      | Gained mutation: You have a somewhat thin skeletal structure (Dex +2, Stealth). [demonic ancestry]
   347 | D:1      | Reached XP level 2. HP: 24/24 MP: 3/3
  1079 | D:2      | Found an oddly glowing altar of Pakellas.
  1079 | D:2      | Found Pakellas's Prime Provisions.
  1287 | D:2      | Gained mutation: A weak demonic guardian rushes to your aid. [demonic ancestry]
  1287 | D:2      | Reached XP level 3. HP: 14/29 MP: 4/4
  1300 | D:2      | Reached skill level 1 in Dodging
  1305 | D:2      | Found a faded altar to an unknown god.
  1725 | D:3      | Noticed loom's ghost (amateur DECj)
  1757 | D:3      | Killed from afar by loom's ghost

Skill      XL: |  1  2  3 |
---------------+----------+-----
Axes           | 2 |  2.1
Armour         | 2 |  2.2
Dodging        | 1 |  1.0
Fighting       | |  3.6
Invocations    | |  2.6

Action                   || total
-------------------------++-------
Melee: Hand axe          ||    91
Invok: Depart the Abyss  ||     1
  Use: Potion            ||     3
  Eat: Chunk             ||     2
Armor: Scale mail        ||    44
Dodge: Dodged            ||    51
